 Dungeon Crawl Stone Soup version 0.23.0-2-g0fe3ce5 (webtiles) character file.

Game seed: 17967019998782367371

206 varaam the Sneak (level 5, 0/35 HPs)
             Began as a Vampire Ice Elementalist on Feb 19, 2019.
             Was an Initiate of Dithmenos.
             Slain by a goblin
             ... wielding a +0 club
              (5 damage)
             ... on level 3 of the Dungeon.
             The game lasted 00:17:08 (3219 turns).

varaam the Sneak (Vampire Ice Elementalist)         Turns: 3219, Time: 00:17:08

Health: 0/35       AC:  4    Str:  8    XL:     5   Next: 53%
Magic:  4/9        EV: 13    Int: 20    God:    Dithmenos [......]
Gold:   140        SH:  0    Dex: 15    Spells: 2/10 levels left

rFire    . . .     SeeInvis +   p - +0 short sword
rCold    + . .     Gourm    .   (no shield)
rNeg     + + .     Faith    .   a - +0 robe
rPois    +         Spirit   .   j - +0 helmet {Int+3} {Int+3}
rElec    .         Reflect  .   (no cloak)
rCorr    .         Harm     .   (no gloves)
MR       .....                  k - +0 pair of boots
Stlth    ++++......             (no amulet)
HPRegen  0.05/turn              (no ring)
MPRegen  0.11/turn              (no ring)

@: regenerating slowly
A: rotting body, fangs 3, see invisible, unbreathing
a: Bat Form, Renounce Religion


You were on level 3 of the Dungeon.
You worshipped Dithmenos.
Dithmenos was noncommittal.
You were near bloodless.

You visited 2 branches of the dungeon, and saw 5 of its levels.

You collected 140 gold pieces.

Inventory:

Hand Weapons
 p - a +0 short sword (weapon)
Missiles
 d - 13 sling bullets
 s - 7 poisoned needles
 Q - 67 stones (quivered)
Armour
 a - a +0 robe (worn)
 e - a +0 cloak
 j - a +0 helmet of intelligence (worn) {Int+3}
 k - a +0 pair of boots (worn)
 n - a scarf of cloud immunity
Magical Staves
 m - an uncursed staff of air {rElec}
Scrolls
 f - a scroll of blinking {unknown}
 h - 2 scrolls of remove curse {unknown}
 i - a scroll of fog {unknown}
 l - 2 scrolls of magic mapping {unknown}
Potions
 b - a potion of berserk rage {unknown}
 c - 4 potions of curing {unknown}
 g - a potion of brilliance {unknown}
 o - 2 potions of might {unknown}
 q - 7 potions of blood {@q1}
 r - 2 potions of degeneration {unknown}


   Skills:
 - Level 2.1 Dodging
 + Level 5.3 Stealth
 + Level 3.1 Spellcasting
   Level 0.6 Conjurations
 + Level 0.6 Summonings
 + Level 4.8 Ice Magic


You had 2 spell levels left.
You knew the following spells:

 Your Spells              Type           Power        Failure   Level  Hunger
a - Freeze                Ice            ###.         1%          1    None
b - Summon Ice Beast      Ice/Summ       ##......     41%         4    ####...
A - Ozocubu's Armour      Chrm/Ice       ##......     16%         3    ###....

Your spell library contained the following spells:

 Spells                   Type           Power        Failure   Level  Hunger
 Throw Frost              Conj/Ice       ##....       7%          2    ##.....
 Throw Icicle             Conj/Ice       ##......     43%         4    ####...


Dungeon Overview and Level Annotations

Branches:
Dungeon (4/15)             Temple (1/1) D:4

Altars:
Ashenzari
Cheibriados
Dithmenos
Elyvilon
Fedhas
Gozag
Nemelex Xobeh
Trog
Uskayaw
Vehumet
Xom
Yredelemnul
Zin


Innate Abilities, Weirdness & Mutations

Your body is rotting away.
You thrive on raw meat.
You heal slowly.
You have razor-sharp teeth.
You have supernaturally acute eyesight. (SInv)
You can survive without breathing.


Message History

You take 13 damage, and have 17/35 hp.
MASSIVE DAMAGE!!
You now have 7/9 mp.
The worm is no longer berserk.
Aim: a worm (slow)
You freeze the worm.
You now have 7/9 mp.
Aim: a worm (moderately wounded, slow)
You freeze the worm. The worm bites you!
* * * LOW HITPOINT WARNING * * *
You take 12 damage, and have 5/35 hp.
MASSIVE DAMAGE!!
You now have 6/9 mp.
Aim: a worm (severely wounded, slow)
You freeze the worm!
You kill the worm!
You now have 5/9 mp.
Aim: a goblin, wielding a +0 club You freeze the goblin.
The goblin hits you with a +0 club.
You die...

##.## #.####.####.
#.# #.# #.# #. #.#
#.# ##.# #. #.# #.#
#..# #. #.# #.# #.##
##(
#†#####.###.##..?.
#..........).#.##K
#.#####.###.(.####
#@# #......##... #g#
#####.##.... #K#
#####.#..... ##.#
#....##....#
##..#####.##.##...##
#†#...gK.........(#y
##.######.#..##...##
#.# #.#..##....# #.#
#.###.#.....


You could see a goblin and a kobold.

Levels and vault maps discovered:
D:1:      eino_arrival_cavern_c, layout_rooms
D:2:      layout_rooms
D:3:      layout_loops_ring, tgw_trog
D:4:      layout_basic, kennysheep_mini, kennysheep_little_box,
          chequers_temple_overflow_statue_of_worship,
          minmay_temple_entry_arrows, first_ration, mrwooster_statue_mirror
Temple:   chequers_temple_sunken

Notes
Turn   | Place    | Note
-------+----------+-------------------------------------------
     0 | D:1      | varaam the Vampire Ice Elementalist began the quest for the
                  | Orb.
     0 | D:1      | Reached XP level 1. HP: 13/13 MP: 3/3
   318 | D:1      | Identified a +0 club
   362 | D:1      | Reached XP level 2. HP: 19/19 MP: 1/5
   784 | D:2      | Identified a +0 club
   864 | D:2      | Identified a +0 helmet of intelligence (You found it on
                  | level 2 of the Dungeon)
   869 | D:2      | Identified a +0 cloak (You found it on level 1 of the
                  | Dungeon)
   935 | D:2      | Identified a +0 pair of boots (You found it on level 2 of
                  | the Dungeon)
   962 | D:2      | Reached XP level 3. HP: 24/24 MP: 0/6
   962 | D:2      | Identified a +0 war axe
  1037 | D:2      | Learned a level 3 spell: Ozocubu's Armour
  1134 | D:2      | Identified a +0 club
  1146 | D:2      | Identified a +0 club
  1154 | D:2      | Reached skill level 4 in Stealth
  1319 | D:2      | Identified a +0 club
  1555 | D:2      | Reached skill level 4 in Ice Magic
  1604 | D:2      | Reached XP level 4. HP: 30/30 MP: 2/7
  1774 | D:2      | Identified a +0 club
  1953 | D:2      | Identified a +0 short sword (You found it on level 2 of the
                  | Dungeon)
  1956 | D:2      | Identified a cursed +0 club
  2060 | D:3      | Identified a +0 club
  2062 | D:3      | Identified a +0 hand axe
  2064 | D:3      | Identified a +0 mace
  2064 | D:3      | Identified a +0 leather armour
  2365 | D:4      | Identified a +0 war axe
  2375 | D:4      | Identified a +0 club
  2375 | D:4      | Identified a +0 scale mail
  2390 | D:4      | Reached skill level 3 in Spellcasting
  2390 | D:4      | Reached XP level 5. HP: 28/35 MP: 0/9
  2413 | D:4      | Learned a level 4 spell: Summon Ice Beast
  2473 | D:4      | Reached skill level 5 in Stealth
  2491 | D:4      | Identified a +0 whip
  2493 | D:4      | Found a staircase to the Ecumenical Temple.
  2506 | Temple   | Entered the Ecumenical Temple
  2563 | Temple   | Became a worshipper of Dithmenos the Shadowed
  2588 | D:4      | Identified a +0 giant club
  2588 | D:4      | Noticed an ogre
  2660 | D:4      | HP: 2/35 [ogre/+0 giant club (10)]
  2689 | D:3      | Identified a +0 blowgun
  2727 | D:3      | Identified a +0 club
  3145 | D:3      | Identified a +0 dagger
  3165 | D:3      | Noticed a moth of wrath
  3167 | D:3      | Identified a +0 falchion
  3168 | D:3      | Found a bloodstained altar of Trog.
  3216 | D:3      | HP: 5/35 [worm (12)]
  3219 | D:3      | Slain by a goblin

Table legend:
 A = Turns spent in this place as a percentage of turns spent in the entire game.
 B = Non-inter-level travel turns spent in this place as a percentage of non-inter-level travel turns spent in the entire game.
 C = Inter-level travel turns spent in this place as a percentage of turns spent in this place.
 D = Turns resting spent in this place as a percentage of non-inter-level travel turns spent in this place.
 E = Turns spent auto-exploring this place as a percentage of non-inter-level travel turns spent in this place.
 F = Non-inter-level travel turns spent in this place divided by the number of levels of this place that you've seen.
                   A       B       C       D       E      F
               +-------+-------+-------+-------+-------+----------------------
         Total | 100.0 | 100.0 |   1.5 |  19.0 |  40.9 | 634.0
       Dungeon |  98.0 |  98.0 |   1.6 |  19.3 |  41.8 | 776.5
        Temple |   2.0 |   2.0 |   0.0 |   0.0 |   0.0 |  64.0
               +-------+-------+-------+-------+-------+----------------------

Table legend:
 A = Kills in this place as a percentage of kills in entire the game.
 B = Kills by you in this place as a percentage of kills by you in the entire game.
 C = Kills by friends in this place as a percentage of kills by friends in the entire game.
 D = Other kills in this place as a percentage of other kills in the entire game.
 E = Experience gained in this place as a percentage of experience gained in the entire game.
 F = Experience gained in this place divided by the number of levels of this place that you have seen.
                   A       B       C       D       E      F
               +-------+-------+-------+-------+-------+----------------------
         Total | 100.0 | 100.0 |   N/A |   N/A | 100.0 |  59.0
       Dungeon | 100.0 | 100.0 |   N/A |   N/A | 100.0 |  73.8
               +-------+-------+-------+-------+-------+----------------------

Skill      XL: |  1  2  3  4  5 |
---------------+----------------+-----
Stealth        | 4 5 |  5.3
Ice Magic      | 4 |  4.8
Spellcasting   | 3 |  3.1
Dodging        | |  2.1
Conjurations   | |  0.6
Summonings     | |  0.6

Action                   |  1- 3 |  4- 6 || total
-------------------------+-------+-------++-------
Melee: Unarmed           |    21 |     9 ||    30
       Bite              |     1 |     1 ||     2
       Short sword       |       |    23 ||    23
Throw: Stone             |    22 |     5 ||    27
 Cast: Freeze            |    63 |    50 ||   113
       Ozocubu's Armour  |     1 |     5 ||     6
 Stab: Sleeping          |     3 |     5 ||     8
       Distracted        |       |     1 ||     1
  Eat: Corpse            |     3 |     2 ||     5
Armor: Robe              |    13 |    19 ||    32
Dodge: Dodged            |    33 |    46 ||    79

Vanquished Creatures
  A hound (D:4)
  An iguana (D:4)
  A worker ant (D:4)
  6 adders
  2 worms
  3 dart slugs
  2 leopard geckos
  3 orcs (D:4)
  3 giant cockroaches (D:2)
  5 hobgoblins
  3 jackals (D:2)
  A quokka (D:2)
  2 ball pythons
  A ball python zombie (D:4)
  4 bats
  2 frilled lizards
  8 goblins
  4 kobolds
  7 rats
59 creatures vanquished.
